 Dungeon Crawl Stone Soup version 0.24.0 (webtiles) character file.

Game seed: 8759803492469378964, levelgen mode: classic

205 EnegeticOcto the Chopper (level 5, -4/49 HPs)
             Began as a Deep Dwarf Fighter on Oct 25, 2019.
             Splashed by Ijyb's acid (9 damage)
             ... on level 4 of the Dungeon.
             The game lasted 00:03:24 (1923 turns).

EnegeticOcto the Chopper (Deep Dwarf Fighter)       Turns: 1923, Time: 00:03:24

Health: -4/49      AC:  5    Str: 21    XL:     5   Next: 53%
Magic:  4/4        EV:  6    Int:  8    God:
Gold:   107        SH:  9    Dex: 12    Spells: 4/4 levels left

rFire    . . .     SeeInvis .   a - +0 war axe
rCold    . . .     Gourm    .   c - +0 shield
rNeg     . . .     Faith    .   q - +0 chain mail
rPois    .         Spirit   .   (no helmet)
rElec    .         Reflect  .   (no cloak)
rCorr    .         Harm     .   (no gloves)
MR       .....                  (no boots)
Stlth    ..........             (no amulet)
HPRegen  0.00/turn              (no ring)
MPRegen  0.09/turn              (no ring)

@: corroded, non-regenerating
A: damage resistance, heal wounds, sense surroundings 1, no regeneration
a: Heal Wounds


You were on level 4 of the Dungeon.
You were not hungry.

You visited 1 branch of the dungeon, and saw 4 of its levels.

You collected 107 gold pieces.

Inventory:

Hand Weapons
 a - a +0 war axe (weapon)
Armour
 b - a +0 scale mail
 c - a +0 shield (worn)
 q - a +0 chain mail (worn)
Scrolls
 g - a scroll of blinking {unknown}
 h - 3 scrolls of identify {unknown}
 i - a scroll of fog {unknown}
 j - 6 scrolls of remove curse {unknown}
 k - a scroll of amnesia {unknown}
 l - a scroll of noise {unknown}
 m - 2 scrolls of fear {unknown}
 n - a scroll of enchant weapon {unknown}
 p - a scroll of random uselessness {unknown}
Potions
 d - 2 potions of might {@q3 !q}
 o - a potion of flight {unknown}
Comestibles
 e - 4 rations
 f - 3 chunks of flesh


   Skills:
 + Level 3.4 Fighting
 * Level 4.2 Axes
 + Level 4.1 Armour
 + Level 2.0 Dodging
 + Level 4.0 Shields


You had 4 spell levels left.
You didn't know any spells.
Your spell library was empty.

Dungeon Overview and Level Annotations

Branches:
Dungeon (4/15)
 Temple: D:4-7

Altars:
Nemelex Xobeh

Annotations:
D:4 Ijyb


Innate Abilities, Weirdness & Mutations

You are resistant to damage.
You can heal yourself by infusing magical energy.
You passively map a small area around you.
You do not regenerate.


Message History

f - 6 chunks of flesh (gained 2)
You see here the felid skeleton of Natasha. x2
You see here an adder skeleton.
Done exploring.
Done exploring.
Done exploring.
Done exploring.
Done exploring.
No target in view!
Saving game... please wait.
Welcome back, EnegeticOcto the Deep Dwarf Fighter.
Press ? for a list of commands and other information.
Done exploring.
Done exploring.
Done exploring.
No target in view!
No target in view!
Done exploring.
Done exploring.
Search for what [? for help]? armour Eating one of 6 chunks of flesh.
You eat one of the 6 chunks of flesh.
This raw flesh tastes terrible.
Things that are here:
a +0 ring mail; a +0 mace
Things that are here:
a +0 chain mail; a +0 hand axe
q - a +0 chain mail You start removing your armour.
You continue taking off your +0 scale mail. x4
You finish taking off your +0 scale mail.
You start putting on your armour.
You continue putting on your +0 chain mail. x5
You finish putting on your +0 chain mail.
(D) Dungeon
Where to? (Enter - D:3 @ (x,y), ? - help)
Things that are here:
a +0 leather armour; a +0 short sword
There is a stone staircase leading down here.
You climb downwards.
A leopard gecko comes into view.
Found a scroll labeled JEETU YSHONOMO.
There is a stone staircase leading up here.
A leopard gecko is nearby!
Some of the chunks of flesh in your inventory have rotted away.
You closely miss the leopard gecko.
The leopard gecko bites you but does no damage. x2
You miss the leopard gecko.
The leopard gecko bites you but does no damage.
You miss the leopard gecko. The leopard gecko barely misses you.
The leopard gecko bites you.
You closely miss the leopard gecko. You block the leopard gecko's attack.
The leopard gecko bites you but does no damage.
Your shield and chain mail prevent you from hitting the leopard gecko.
You block the leopard gecko's attack.
A leopard gecko is nearby!
You barely miss the leopard gecko. The leopard gecko bites you.
The leopard gecko bites you but does no damage.
You barely miss the leopard gecko.
The leopard gecko bites you but does no damage. x2
You hit the leopard gecko.
The leopard gecko is almost dead.
You block the leopard gecko's attack.
You miss the leopard gecko.
The leopard gecko is almost dead.
You block the leopard gecko's attack. The leopard gecko barely misses you.
You hit the leopard gecko but do no damage.
The leopard gecko is almost dead.
The leopard gecko barely misses you.
The leopard gecko bites you but does no damage.
You slash the leopard gecko!
You kill the leopard gecko!
Your magical essence is drained by the effort!
You feel much better.
m - 2 scrolls labeled JEETU YSHONOMO (gained 1) Ijyb the Twisted Goblin comes into view.
She is wielding a +0 club and carrying a wand of acid (9).
Ijyb shouts!
An ogre comes into view. It is wielding a +0 giant club.
The ogre shouts!
The ogre moves out of view.
Ijyb barely misses you.
Found a stone staircase leading down.
Your shield and chain mail prevent you from hitting Ijyb.
Ijyb hits you but does no damage.
You hit Ijyb.
Ijyb is lightly wounded.
Ijyb zaps a wand.
The bolt of acid hits you.
You are splashed with acid!
You miss Ijyb.
Ijyb is lightly wounded.
You block Ijyb's attack. The ogre barely misses you.
You closely miss Ijyb.
Ijyb is lightly wounded.
Your shield and chain mail prevent you from hitting the ogre.
Ijyb zaps a wand.
The bolt of acid hits you!
You are splashed with acid!
The ogre hits you with a +0 giant club!
* * * LOW HITPOINT WARNING * * *
Ijyb screams, "Die!"
Ijyb zaps a wand.
The bolt of acid hits you.
* * * LOW HITPOINT WARNING * * *
The acid corrodes you!
You are splashed with acid!
You die...

, , .. , ... . *...
, ..#.# , , #.#
**#..#.#> ,, #..
....... #.# *.....,,
#.# ...# * *
#.####O..#, , ,,
#....@g..#
#.####...# , ,
#.####.......,
####............ ,
#............... *
#####.##..##...#....
#...................
*
#..##...........<...
#..#####.....#.. ,


You could see an ogre and Ijyb.

Vanquished Creatures
  Natasha (twice) (D:3)
  9 adders
  An ooze (D:1)
  A worm (D:3)
  A dart slug (D:1)
  A leopard gecko (D:4)
  8 orcs (D:3)
  2 ball pythons
  2 giant cockroaches
  6 goblins
  6 hobgoblins
  7 kobolds
  A quokka (D:2)
  8 bats
  4 frilled lizards
  7 rats
66 creatures vanquished.

Notes
Turn   | Place    | Note
-------+----------+-------------------------------------------
     0 | D:1      | EnegeticOcto the Deep Dwarf Fighter began the quest for the
                  | Orb.
     0 | D:1      | Reached XP level 1. HP: 20/20 MP: 1/1
    80 | D:1      | Reached XP level 2. HP: 24/27 MP: 2/2
   466 | D:1      | Reached skill level 1 in Dodging
   631 | D:2      | Reached XP level 3. HP: 27/33 MP: 3/3
   750 | D:2      | Found a sparkling altar of Nemelex Xobeh.
   769 | D:2      | Reached XP level 4. HP: 32/42 MP: 4/4
  1471 | D:3      | Noticed Natasha
  1477 | D:3      | Killed Natasha
  1477 | D:3      | Reached XP level 5. HP: 44/49 MP: 5/5
  1715 | D:3      | Noticed Natasha
  1721 | D:3      | Killed Natasha
  1916 | D:4      | Noticed Ijyb
  1918 | D:4      | Noticed an ogre
  1923 | D:4      | Splashed by Ijyb's acid

Levels and vault maps discovered:
D:1:      lightli_arrival_statue_moat, layout_basic
D:2:      layout_loops_ring, lemuel_round_altar
D:3:      layout_loops_ring, uniq_natasha
D:4:      layout_basic, minmay_temple_entry_stoned_glass,
          lexackson_kobold_supper, uniq_duvessa, uniq_ijyb
